 Dungeon Crawl Stone Soup version 0.28.0-45-g0d030f2227 (console) character file.

Game seed: 8167621525321372221

6 Zeor the Skirmisher (level 1, -1/14 HPs)
             Began as a Gargoyle Berserker on Apr 8, 2022.
             Was a Follower of Trog.
             Frozen to death by an endoplasm (4 damage)
             ... on level 1 of the Dungeon.
             The game lasted 00:00:40 (467 turns).

Zeor the Skirmisher (Gargoyle Berserker)             Turns: 467, Time: 00:00:41

Health: -1/14      AC:  4    Str: 20    XL:     1   Next: 90%
Magic:  1/1        EV: 11    Int:  7    God:    Trog [*.....]
Gold:   14         SH:  0    Dex:  9    Spells: 0/0 levels left

rFire   . . .      SeeInvis .   a - +0 mace
rCold   . . .      Faith    .   (no shield)
rNeg    + . .      Spirit   .   b - +0 animal skin
rPois   ∞          Reflect  .   (no helmet)
rElec   +          Harm     .   (no cloak)
rCorr   .          Rampage  .   (no gloves)
Will    .....                   (no boots)
Stlth   +.........              (no amulet)
HPRegen 0.04/turn               (no ring)
MPRegen 0.07/turn               (no ring)

@: no status effects
A: sickness immunity, AC +2, negative energy resistance 1, electricity
resistance, torment resistance 1, petrification resistance
a: Renounce Religion, Berserk


You were on level 1 of the Dungeon.
You worshipped Trog.
Trog was aware of your devotion.
You visited 1 branch of the dungeon, and saw 1 of its levels.

You collected 14 gold pieces.

Inventory:

Hand Weapons
 a - a +0 mace (weapon)
Armour
 b - a +0 animal skin (worn)
Scrolls
 c - a scroll of teleportation {unknown}
 d - 2 scrolls of summoning {unknown}


   Skills:
 + Level 3.3 Fighting
 * Level 3.2 Maces & Flails
 + Level 2.3 Armour
 + Level 1.6 Dodging


You couldn't memorise any spells.
You didn't know any spells.
Your spell library was empty.

Dungeon Overview and Level Annotations

Branches:
Dungeon (1/15)

Altars:


Innate Abilities, Weirdness & Mutations

You are immune to sickness and miasma.
Your stone body is resilient. (AC +2)
You are immune to poison.
You resist negative energy. (rN+)
You are resistant to electric shocks. (rElec)
You are resistant to unholy torment.
You are immune to petrification.


Message History

You miss the frilled lizard.
The frilled lizard bites you but does no damage.
You sock the frilled lizard!
You kill the frilled lizard!
Trog accepts your kill.
You see here a frilled lizard corpse.
A frilled lizard comes into view.
The frilled lizard hisses angrily.
You completely miss the frilled lizard. Your punch misses the frilled lizard.
The frilled lizard closely misses you.
You closely miss the frilled lizard. The frilled lizard barely misses you.
You thump the frilled lizard!
You kill the frilled lizard!
Trog accepts your kill.
c - a scroll labelled TACATWISME An endoplasm comes into view.
Found 10 gold pieces.
The endoplasm quivers.
You see here 2 scrolls labelled XEADGH NUNUVE.
You see here 2 scrolls labelled XEADGH NUNUVE.
d - 2 scrolls labelled XEADGH NUNUVE You hit the endoplasm.
The endoplasm is lightly wounded.
The endoplasm freezes you.
You are frozen.
You hit the endoplasm but do no damage.
The endoplasm hits you but does no damage.
You barely miss the endoplasm. The endoplasm hits you.
The endoplasm freezes you.
You are frozen.
You barely miss the endoplasm. The endoplasm freezes you.
You are frozen.
* * * LOW HITPOINT WARNING * * *
You are too injured to fight recklessly!
You hit the endoplasm.
The endoplasm is lightly wounded.
The endoplasm freezes you.
You are frozen.
You die... ▒≈≈♣≈∙≈≈▒∙▒ ▒▒≈≈≈♣∙∙∙∙≈♣ ∙∙∙∙≈∙∙≈∙≈ ∙ ≈♣≈∙≈∙∙♣ ∙▒ ▒∙∙∙≈∙∙▒∙∙▒ ▒∙≈∙∙♣≈∙≈∙▒ ▒∙∙∙≈≈≈∙≈≈∙ ▒∙▒∙▒▒▒▒∙∙≈≈≈≈≈≈∙∙ ■∙∙∙∙∙∙∙∙∙9J∙∙∙∙∙∙

∙▒∙▒▒▒∙∙∙∙∙∙∙▒▒▒▒ ▒
▒ ▒∙∙∙∙∙∙∙∙∙∙$∙
▒▒∙▒∙▒▒∙∙▒▒▒∙∙∙▒▒▒▒
▒ ∙∙∙∙∙∙∙∙∙∙∙∙∙∙∙▒
▒ ∙∙∙▒∙∙∙∙∙▒▒▒∙∙▒∙∙
▒ ▒▒▒▒∙∙∙∙∙∙∙▒∙▒▒ ▒
▒∙∙∙∙∙∙∙▒ ▒ ▒
▒∙▒▒▒▒∙▒∙∙▒


You could see an endoplasm.

Vanquished Creatures
  A goblin (D:1)
  A hobgoblin (D:1)
  A ball python (D:1)
  3 frilled lizards (D:1)
  A kobold (D:1)
7 creatures vanquished.

Notes
Turn   | Place    | Note
-------+----------+-------------------------------------------
     0 | D:1      | Zeor the Gargoyle Berserker began the quest for the Orb.
     0 | D:1      | Reached XP level 1. HP: 14/14 MP: 1/1
   467 | D:1      | Frozen to death by an endoplasm

Illustrated notes

Levels and vault maps discovered:
D:1:      dpeg_arrival_leaves_temple_mockup, layout_basic,
          shapermc_ecumenical_altar_mp_vishouse, serial_rivers,
          chequers_serial_rivers_micro_c, chequers_serial_rivers_large_b,
          chequers_serial_rivers_small_b, chequers_serial_rivers_marsh

Action                   || total
-------------------------++-------
Melee: Mace              ||    23
Armor: Animal skin       ||     4
Dodge: Dodged            ||     7
